 Dungeon Crawl Stone Soup version 0.30.1-11-g7821555f0a (webtiles) character file.

Game seed: 8042206128137435745

43 Norian the Chiller (level 3, -13/24 HPs)
             Began as a Human Ice Elementalist on Dec 21, 2023.
             Mangled by an ogre
             ... wielding a +0 giant club
              (22 damage)
             ... on level 2 of the Dungeon.
             The game lasted 00:12:57 (1303 turns).

Norian the Chiller (Human Ice Elementalist)         Turns: 1303, Time: 00:12:58

Health: -13/24     AC:  2    Str:  8    XL:     3   Next: 82%
Magic:  6/7        EV: 12    Int: 17    God:
Gold:   59         SH:  0    Dex: 13    Spells: 2/7 levels left

rFire   . . .        g - +1 whip (freeze)
rCold   . . .        (no shield)
rNeg    . . .        a - +0 robe
rPois   .            (no helmet)
rElec   .            (no cloak)
rCorr   .            (no gloves)
SInv    .            (no boots)
Will    .....        i - amulet of magic regeneration
Stlth   ++           l - ring of flight
HPRegen 0.24/turn    (no ring)
MPRegen 0.50/turn

%: no passive effects
@: flying
A: no striking features
a: no special abilities


You were on level 2 of the Dungeon.
You visited 1 branch of the dungeon, and saw 2 of its levels.

You collected 59 gold pieces.

Inventory:

Hand Weapons
 g - a +1 whip of freezing (weapon)
Armour
 a - a +0 robe (worn)
Jewellery
 i - an amulet of magic regeneration (around neck)
 l - a ring of flight (left hand)
Scrolls
 c - 2 scrolls of identify {unknown}
 d - 3 scrolls of teleportation {unknown}
 h - a scroll of enchant weapon {unknown}
 k - a scroll of brand weapon {unknown}
Potions
 b - a potion of magic
 e - a potion of curing {unknown}
 f - a potion of attraction {unknown}
 j - a potion of invisibility {unknown}
 m - a potion of might {unknown}


   Skills:
 - Level 2.0 Dodging
 - Level 2.0 Stealth
 * Level 2.6 Spellcasting
 * Level 1.2 Conjurations
 * Level 4.4 Ice Magic
 + Level 0.1 Air Magic
 + Level 0.0 Poison Magic


You had 2 spell levels left.
You knew the following spells:

 Your Spells              Type           Power      Damage    Failure   Level
a - Freeze                Ice            68%        1d8       3%          1
b - Magic Dart            Conj           24%        1d4       11%         1
c - Mephitic Cloud        Conj/Pois/Air  3%         N/A       41%         3

Your spell library contained the following spells:

 Spells                   Type           Power      Damage    Failure   Level
 Call Imp                 Summ           4%         N/A       28%         2
 Frozen Ramparts          Ice            34%        1d6       9%          3
 Ozocubu's Armour         Ice            17%        N/A       9%          3
 Summon Ice Beast         Ice/Summ       9%         N/A       58%         4
 Summon Mana Viper        Hex/Summ       2%         N/A       99%         5
 Monstrous Menagerie      Summ           1%         N/A       100%        7


Dungeon Overview and Level Annotations

Branches:
Dungeon (2/15)

Altars:


Message History

Aiming: Freeze (safe; 3% risk of failure)
Press: ? - help, Shift-Dir - straight line, f/p - jackal
Aim: a jackal (moderately wounded)
You freeze the jackal.
The jackal is heavily wounded.
The jackal barely misses you.
The jackal bites you but does no damage.
The jackal bites you but does no damage.
The jackal attacks as you move away! The jackal bites you. x2
The jackal barely misses you. The jackal attacks as you move away!
The jackal bites you.
The jackal bites you but does no damage.
The jackal bites you. The jackal attacks as you move away!
The jackal bites you. The jackal attacks as you move away!
The jackal bites you. The jackal closely misses you.
Casting: Freeze (safe; 3% risk of failure)
Confirm with . or Enter, or press ? or * to list all spells.
Okay, then.
Casting: Freeze (safe; 3% risk of failure)
Confirm with . or Enter, or press ? or * to list all spells.
The spell is astonishingly dangerous to miscast (41% risk of failure)!
Continue anyway?
Okay, then.
Casting: Mephitic Cloud (astonishingly dangerous; 41% risk of failure)
Confirm with . or Enter, or press ? or * to list all spells.
Aiming: Freeze (safe; 3% risk of failure)
Press: ? - help, Shift-Dir - straight line, f/p - jackal
Aim: a jackal (heavily wounded)
You freeze the jackal!
You kill the jackal!
Casting: Freeze (safe; 3% risk of failure)
Confirm with . or Enter, or press ? or * to list all spells.
Aiming: Freeze (safe; 3% risk of failure)
Press: ? - help, Shift-Dir - straight line, f - ogre
Aim: an ogre, wielding a +0 giant club You freeze the ogre.
The ogre is lightly wounded.
The ogre hits you with a +0 giant club!!
Ouch! That really hurt!
You die...

...#.............#
#....#.........#.#
#....###.###P###.#
.....#...รท.....#.#
.....#P#.#.#P#P#.#
[....#.........#.#
###..###.###.###.#
#..#.PP._...P#.#
#..###P###.###@#
#..#..P...P..#O##
###..#.#.#.#.#P#h.#
.....#.........#..#
.###.###.###P###..#
#.##.#.........#..#
##.#..............#
#.....###.#.###..#
##.###.# #...# #.##


You could see an ogre and a jackal.

Vanquished Creatures
  An adder (D:2)
  A worm (D:2)
  2 endoplasms
  2 giant cockroaches (D:2)
  2 goblins
  2 hobgoblins
  6 jackals
  2 kobolds (D:1)
  2 ball pythons (D:1)
  3 bats (D:2)
  2 frilled lizards
  4 rats
29 creatures vanquished.

Notes
Turn   | Place    | Note
-------+----------+-------------------------------------------
     0 | D:1      | Norian the Human Ice Elementalist began the quest for the
                  | Orb.
     0 | D:1      | Reached XP level 1. HP: 13/13 MP: 3/3
    75 | D:1      | Learned a level 1 spell: Magic Dart
   242 | D:1      | Reached XP level 2. HP: 7/19 MP: 0/5
   771 | D:2      | Found a faded altar of an unknown god.
   821 | D:2      | Reached XP level 3. HP: 16/24 MP: 0/6
   915 | D:2      | Reached skill level 1 in Conjurations
  1226 | D:2      | Noticed an ogre
  1252 | D:2      | Learned a level 3 spell: Mephitic Cloud
  1303 | D:2      | Mangled by an ogre

Illustrated notes

Levels and vault maps discovered:
D:1:      dpeg_arrival_tiny_a, layout_basic
D:2:      layout_loops_ring, shapermc_ecumenical_altar_mp_urbaneastern,
          basic_altar

Skill      XL: |  1  2  3 |
---------------+----------+-----
Conjurations   | 1 |  1.2
Dodging        | |  2.0
Stealth        | |  2.0
Spellcasting   | |  2.6
Ice Magic      | |  4.4
Air Magic      | |  0.1

Action                     || total
---------------------------++-------
  Melee: Dagger            ||    19
         Whip              ||    43
   Cast: Freeze            ||    30
         Magic Dart        ||    12
   Stab: Sleeping          ||     1
 Armour: Robe              ||    24
  Dodge: Dodged            ||    68
